AoeStats
← Reinhardlunsen

Lombardia

509168756Analyzed
4v4 RM · 6d ago on Sep 25, 2026· 58m 33s· 8 players
Game mode
Random Map
Map size
Large (8 player)
Population
200
Speed
Normal
Resources
Standard
Victory
Conquest
Starting age
Dark Age
Ending age
Imperial Age
RankedLock teamsTeams togetherTeam positionsShared explorationLock speedFull tech treeHidden civsTurbo modeCheats
Victory
Defeat
🇵🇰 Varangians · Pakistan
1707
+10
🇩🇪 Varangians · Germany
1552
+16
🇳🇴 Malay · Norway
1421
+21
🇮🇹 Vietnamese · Italy
1403
+21
🇷🇸 Khmer · Serbia
1639
-21
🇭🇷 Danes · Croatia
1589
-19
🇸🇮 Franks · Slovenia
1475
-14
🇧🇦 Mongols · Bosnia & Herzegovina
1473
-14
Reinhardlunsen
7:00 Loom
9:22 Feudal Age
10:26 Double-Bit Axe
12:20 Horse Collar
14:43 Wheelbarrow
21:34 Castle Age
24:32 Bow Saw
24:23 Heavy Plow
24:38 Scale Barding Armor
26:25 Bloodlines
26:51 Forging
29:20 Gold Mining
30:37 Chain Barding Armor
31:46 Husbandry
32:23 Iron Casting
35:54 Vendel Legacy
39:26 Imperial Age
37:52 Stone Mining
39:22 Hand Cart
38:53 Town Watch
39:59 Caravan
39:32 Elite Jarl
40:49 Plate Barding Armor
40:31 Cavalier
42:15 Blast Furnace
41:46 Conscription
42:02 Fortified Wall
42:15 Ballistics
42:07 Masonry
42:38 Coinage
42:54 Fletching
45:25 Bodkin Arrow
46:03 Architecture
46:34 Chemistry
52:50 Light Cavalry
54:14 Bracer
54:24 Siege Engineers
54:59 Hussar
GdR_Salinaro
11:43 Feudal Age
16:08 Castle Age
13:58 Double-Bit Axe
17:12 Wheelbarrow
17:17 Bow Saw
23:09 Fletching
23:06 Town Watch
23:55 Loom
23:53 Horse Collar
26:18 Hand Cart
26:20 Heavy Plow
26:15 Gold Mining
26:19 Stone Mining
31:05 Imperial Age
29:55 Stone Shaft Mining
30:46 Bodkin Arrow
30:51 Padded Archer Armor
31:13 Elite Rattan Archer
33:18 Chemistry
32:39 Ballistics
32:30 Masonry
33:48 Siege Engineers
34:56 Two-Man Saw
34:44 Town Patrol
35:22 Bracer
35:37 Leather Archer Armor
39:41 Hoardings
40:17 Ring Archer Armor
41:59 Caravan
49:51 Paper Money
49:32 Chatras
Nordigard
8:41 Loom
10:42 Feudal Age
11:22 Double-Bit Axe
13:30 Fletching
14:33 Horse Collar
16:14 Padded Archer Armor
22:47 Castle Age
21:11 Gold Mining
21:53 Crossbowman
22:47 Bodkin Arrow
25:21 Ballistics
25:50 Leather Archer Armor
36:11 Wheelbarrow
39:34 Imperial Age
37:59 Thumb Ring
39:01 Bracer
40:03 Chemistry
38:53 Arbalester
41:47 Ring Archer Armor
41:36 Hand Cart
41:23 Caravan
42:25 Gold Shaft Mining
41:45 Town Watch
54:26 Scale Barding Armor
54:32 Forging
56:30 Conscription
56:12 Forced Levy
56:58 Masonry
57:09 Bombard Tower
57:20 Bow Saw
57:31 Husbandry
Mubeen
6:24 Loom
9:02 Feudal Age
9:34 Double-Bit Axe
12:35 Bloodlines
13:14 Horse Collar
15:52 Forging
18:14 Scale Barding Armor
20:41 Wheelbarrow
23:19 Castle Age
21:44 Gold Mining
24:24 Chain Barding Armor
24:06 Husbandry
24:25 Bow Saw
25:24 Iron Casting
32:34 Fletching
40:30 Imperial Age
40:36 Vendel Legacy
41:37 Conscription
41:34 Cavalier
42:46 Hand Cart
42:16 Town Watch
43:52 Caravan
45:26 Plate Barding Armor
46:08 Blast Furnace
53:11 Bodkin Arrow
57:15 Two-Man Saw
56:22 Bracer
dejan
4:57 Loom
9:48 Feudal Age
11:07 Double-Bit Axe
15:38 Forging
27:23 Castle Age
26:57 Scale Barding Armor
26:48 Gold Mining
28:24 Bow Saw
28:37 Husbandry
28:58 Chain Barding Armor
29:13 Iron Casting
32:49 Wheelbarrow
35:11 Hand Cart
41:19 Gold Shaft Mining
45:30 Imperial Age
45:35 Cavalier
46:52 Plate Barding Armor
47:17 Blast Furnace
46:46 Conscription
49:01 Padded Archer Armor
48:26 Paladin
50:26 Light Cavalry
52:44 Caravan
Tomo Žeznati
6:54 Loom
8:59 Feudal Age
9:53 Double-Bit Axe
9:58 Horse Collar
19:38 Castle Age
17:51 Scale Barding Armor
17:46 Gold Mining
18:42 Bloodlines
19:55 Light Cavalry
22:20 Bow Saw
25:09 Heavy Plow
26:48 Wheelbarrow
26:08 Stone Mining
34:05 Imperial Age
32:12 Scale Mail Armor
32:15 Squires
33:21 Chain Mail Armor
33:18 Forging
33:32 Arson
33:20 Hamask
35:28 Plate Mail Armor
35:01 Elite Jomsviking
36:03 Hand Cart
35:34 Town Watch
38:42 Fletching
39:30 Iron Casting
39:43 Bodkin Arrow
40:26 Iron Casting
41:24 Conscription
45:22 Blast Furnace
45:17 Bracer
46:42 Caravan
53:52 Capped Ram
54:59 Siege Ram
SaleMajstor
11:35 Feudal Age
10:55 Loom
15:13 Castle Age
13:17 Double-Bit Axe
13:13 Horse Collar
14:01 Fletching
17:13 Bodkin Arrow
27:22 Padded Archer Armor
27:49 Bloodlines
30:00 Bow Saw
30:33 Wheelbarrow
31:12 Leather Archer Armor
32:59 Husbandry
34:09 Thumb Ring
35:52 Ballistics
38:56 Imperial Age
39:37 Bracer
40:40 Chemistry
40:26 Elite Mangudai
40:37 Sappers
41:27 Conscription
51:31 Light Cavalry
52:42 Scale Barding Armor
52:48 Forging
57:07 Chain Barding Armor
56:33 Hussar
59:00 Iron Casting
Ceki
6:16 Loom
9:19 Feudal Age
9:52 Double-Bit Axe
12:13 Horse Collar
15:28 Wheelbarrow
19:08 Scale Barding Armor
19:50 Gold Mining
22:00 Castle Age
20:51 Bloodlines
23:07 Forging
23:25 Bow Saw
23:27 Husbandry
25:30 Chain Barding Armor
26:09 Gold Shaft Mining
27:43 Heavy Plow
29:03 Stone Mining
30:18 Hand Cart
31:54 Stone Shaft Mining
34:27 Imperial Age
34:45 Town Watch
34:32 Cavalier
35:49 Plate Barding Armor
35:50 Iron Casting
40:00 Conscription
40:17 Town Patrol
41:19 Double Crossbow
41:23 Elite Ballista Elephant
42:39 Hoardings
44:27 Siege Engineers
45:23 Chemistry
44:44 Ballistics
49:49 Padded Archer Armor
53:39 Light Cavalry
55:23 Blast Furnace
55:49 Hussar
57:42 Caravan
Connection lost

Rejoining the realm…

Still unreachable

The connection could not be restored.

Session expired

The server has moved on; the page needs a fresh start.